 Dungeon Crawl Stone Soup version 0.16-a0-4013-gd591273 (webtiles) character file.

231 timbw the Slasher (level 5, 0/39 HPs)
             Began as a Vampire Fighter on Feb 16, 2015.
             Succumbed to poison (a potion of poison)
             ... on level 5 of the Dungeon.
             The game lasted 00:05:24 (1013 turns).

timbw the Slasher (Vampire Fighter)                 Turns: 1013, Time: 00:05:25

Health: 0/39       AC:  6    Str: 20    XL:     5   Next: 73%
Magic:  5/5        EV: 12    Int: 15    God:
Gold:   54         SH:  9    Dex: 19    Spells: 0 memorised, 4 levels left

rFire  . . .     SeeInvis +     a - +0 long sword
rCold  . . .     Clarity  +     b - +0 scale mail
rNeg   . . .     SustAb   .     c - +0 shield
rPois  .         Gourm    .     (no helmet)
rElec  .         Spirit   .     (no cloak)
rCorr  .         Warding  .     (no gloves)
rMut   .         Stasis   .     (no boots)
MR     .....                    l - amulet of clarity
Stlth  +.........               (no ring)
                                (no ring)

@: mighty, brilliant, agile, lethally poisoned (0 -> -12), regenerating very
quickly, not resistant to hostile enchantments, very unstealthy
A: bottle blood, fangs 3, see invisible, unbreathing
a: no special abilities


You were on level 5 of the Dungeon.
You were almost alive.

You visited 1 branch of the dungeon, and saw 5 of its levels.

You collected 54 gold pieces.

Inventory:

Hand weapons
 a - a +0 long sword (weapon)
Armour
 b - a +0 scale mail (worn)
 c - a +0 shield (worn)
Jewellery
 l - an amulet of clarity (around neck)
Scrolls
 f - 2 scrolls of enchant weapon {unknown}
 g - 4 scrolls of identify {unknown}
 j - a scroll of recharging {unknown}
Potions
 d - a potion of blood


   Skills:
 - Level 2.6 Fighting
 + Level 6.1 Long Blades
 - Level 2.4 Armour
 - Level 2.6 Shields


You had 4 spell levels left.
You didn't know any spells.

Dungeon Overview and Level Annotations

Branches:
Dungeon (5/15)
 Temple: D:4-7

Altars:
Gozag
Makhleb

Annotations:
D:3 Sigmund
D:4 kroki's ghost, experienced GrFE


Innate Abilities, Weirdness & Mutations

Your natural rate of healing is extremely fast.
You can bottle blood from corpses.
You have razor-sharp teeth.
You have supernaturally acute eyesight.
You can survive without breathing.


Message History

Unknown command.
Drink which item? (? for menu, Esc to quit)
It was a potion of agility.
You feel agile all of a sudden. You block the centaur's attack.
The centaur barely misses you.
Drink which item? (? for menu, Esc to quit)
It was a potion of brilliance.
You feel clever all of a sudden.
The centaur hits you but does no damage.
The centaur hits you.
* * * LOW HITPOINT WARNING * * *
The centaur barely misses you.
Things that are here:
an uncursed shortbow; 16 arrows of dispersal Unknown command.
Drink which item? (? for menu, Esc to quit)
It was a potion of poison.
That liquid tasted very nasty...
You are lethally poisoned!
You die...

# #. ###. ...
# #.. #.#..
... #.###
#Wc@###.####.
###((........
#...#####.###
#.### ...
##.# #. .. #.


You could see a phantom and a centaur.

Vanquished Creatures
  A centaur (D:5)
  An orc priest (D:4)
  A hound (D:4)
  3 adders
  A worm (D:3)
  8 orcs
  A bat skeleton (D:4)
  5 giant cockroaches
  3 goblins (D:2)
  2 hobgoblins (D:3)
  10 jackals
  3 kobolds
  2 quokkas (D:4)
  A ball python (D:3)
  5 bats
  A giant gecko (D:2)
  4 rats
52 creatures vanquished.

Notes
Turn   | Place    | Note
--------------------------------------------------------------
     0 | D:1      | timbw, the Vampire Fighter, began the quest for the Orb.
     0 | D:1      | Reached XP level 1. HP: 17/17 MP: 1/1
   239 | D:2      | Reached XP level 2. HP: 2/23 MP: 2/2
   326 | D:2      | Reached skill level 3 in Long Blades
   356 | D:4      | Noticed kroki's ghost (experienced GrFE)
   464 | D:3      | Reached XP level 3. HP: 24/28 MP: 3/3
   568 | D:4      | Reached skill level 4 in Long Blades
   583 | D:4      | Reached XP level 4. HP: 9/34 MP: 4/4
   615 | D:4      | Reached skill level 5 in Long Blades
   650 | D:4      | Found an opulent altar of Gozag.
   665 | D:4      | Found a burning altar of Makhleb.
   768 | D:3      | Reached XP level 5. HP: 22/39 MP: 5/5
   794 | D:3      | Noticed Sigmund
   795 | D:3      | Noticed a worker ant
   996 | D:5      | Entered Level 5 of the Dungeon
   996 | D:5      | Noticed a centaur
  1002 | D:5      | Noticed a centaur
  1003 | D:5      | Noticed a phantom
  1007 | D:5      | Killed a centaur
  1007 | D:5      | Reached skill level 6 in Long Blades
  1013 | D:5      | Succumbed to poison (a potion of poison)

Action                   |  1- 3 |  4- 6 || total
-------------------------+-------+-------++-------
Melee: Long sword        |   104 |    92 ||   196
Throw: Tomahawk          |       |     2 ||     2
  Use: Potion            |       |     4 ||     4
  Eat: Corpse            |     9 |     4 ||    13
